AoeStats
← SillyOleMe

Arabia

507843038Analyzed
2v2 RM · 13d ago on Sep 19, 2026· 95m 37s· 4 players
Game mode
Random Map
Map size
Medium (4 player)
Population
200
Speed
Normal
Resources
Standard
Victory
Conquest
Starting age
Dark Age
Ending age
Imperial Age
RankedLock teamsTeams togetherTeam positionsShared explorationLock speedFull tech treeHidden civsTurbo modeCheats
Victory
Defeat
🇹🇷 Magyars · Türkiye
972
+17
🇹🇷 Huns · Türkiye
971
+17
🇺🇸 Mongols · United States
1016
-18
🇺🇸 Britons · United States
965
-16
blackout
7:09 Loom
11:24 Feudal Age
12:05 Double-Bit Axe
16:09 Horse Collar
21:09 Castle Age
19:06 Gold Mining
20:08 Bloodlines
21:14 Scale Barding Armor
22:36 Husbandry
27:14 Wheelbarrow
31:55 Gold Shaft Mining
32:59 Heavy Plow
36:06 Imperial Age
34:08 Stone Mining
35:01 Hand Cart
35:39 Chain Barding Armor
36:51 Bow Saw
37:47 Elite Magyar Huszar
38:29 Corvinian Army
37:50 Elite Magyar Huszar
39:32 Plate Barding Armor
40:18 Conscription
40:22 Ballistics
40:15 Murder Holes
40:25 Heavy Cavalry Archer
41:31 Parthian Tactics
41:20 Fletching
42:03 Bodkin Arrow
42:14 Recurve Bow
43:21 Bracer
44:11 Padded Archer Armor
44:31 Thumb Ring
47:07 Leather Archer Armor
48:18 Chemistry
48:21 Ring Archer Armor
72:46 Siege Engineers
73:27 Spies/Treason
82:43 Sappers
83:49 Hoardings
82:38 Cavalier
82:38 Light Cavalry
83:06 Crossbowman
83:06 Elite Skirmisher
83:49 Scale Mail Armor
83:48 Town Watch
84:17 Masonry
83:47 Treadmill Crane
83:58 Heated Shot
83:58 Guard Tower
84:29 Shipwright
84:20 Clinker Construction
84:20 Careening
84:59 Demolition Ship
85:50 Medium Warships
85:22 Fishing Lines
88:36 Sanctity
88:16 Devotion
88:42 Illumination
88:33 Block Printing
88:13 Herbal Medicine
88:54 Theocracy
88:30 Fervor
89:14 Gillnets
90:09 Crop Rotation
91:22 Chain Mail Armor
90:34 Arbalester
90:34 Elite Skirmisher
92:16 Paladin
94:26 Dry Dock
94:03 Onager
94:14 Man-at-Arms
94:14 Pikeman
94:40 Arson
94:24 Capped Ram
94:48 Long Swordsman
mustajjj
8:17 Loom
10:53 Feudal Age
12:14 Double-Bit Axe
12:10 Horse Collar
29:51 Castle Age
29:34 Wheelbarrow
29:14 Forging
29:10 Scale Barding Armor
28:59 Gold Mining
29:07 Stone Mining
29:41 Bloodlines
31:30 Iron Casting
32:21 Chain Barding Armor
32:55 Heavy Plow
36:30 Hand Cart
36:00 Town Watch
38:47 Gold Shaft Mining
39:31 Fletching
39:42 Padded Archer Armor
40:37 Town Patrol
40:43 Bodkin Arrow
45:05 Imperial Age
42:27 Elite Skirmisher
43:32 Bow Saw
47:13 Chemistry
46:48 Ballistics
46:50 Bracer
47:05 Leather Archer Armor
47:16 Leather Archer Armor
53:03 Blast Furnace
52:38 Plate Barding Armor
52:48 Plate Barding Armor
56:39 Husbandry
56:00 Light Cavalry
57:15 Hussar
60:24 Conscription
60:54 Marauders
60:15 Elite Tarkan
75:54 Spies/Treason
81:51 Atheism
81:02 Sappers
81:45 Masonry
81:33 Murder Holes
82:04 Scale Mail Armor
84:30 Sanctity
84:18 Caravan
84:49 Coinage
84:30 Guilds
84:34 Careening
84:34 Clinker Construction
84:43 Chain Mail Armor
84:57 Devotion
85:01 Man-at-Arms
85:02 Pikeman
85:43 Squires
85:28 Arson
85:43 Long Swordsman
86:38 Fervor
86:29 Atonement
86:54 Illumination
86:51 Faith
86:12 Cavalier
86:16 Halberdier
86:47 Fishing Lines
87:18 Medium Warships
86:28 Demolition Ship
87:20 Crossbowman
88:06 Thumb Ring
88:27 Parthian Tactics
87:23 Heavy Cavalry Archer
87:59 Gillnets
88:35 Heavy Warships
87:55 Two-Handed Swordsman
89:00 Carvel Hull
89:59 Two-Man Saw
88:27 Capped Ram
90:07 Banking
89:08 Heavy Demolition Ship
90:58 Dry Dock
91:52 Siege Ram
SillyOleMe
5:54 Loom
10:11 Feudal Age
11:50 Double-Bit Axe
11:54 Horse Collar
14:49 Bloodlines
15:54 Scale Barding Armor
23:44 Castle Age
22:42 Wheelbarrow
24:30 Pikeman
28:53 Husbandry
30:12 Gold Mining
30:12 Stone Mining
35:31 Forging
37:28 Bow Saw
37:35 Heavy Plow
40:05 Fletching
40:15 Padded Archer Armor
42:18 Ballistics
41:56 Murder Holes
44:12 Thumb Ring
50:14 Imperial Age
49:15 Hand Cart
49:40 Light Cavalry
51:55 Hoardings
50:57 Elite Mangudai
54:02 Hussar
70:53 Capped Ram
ulmerb
9:43 Feudal Age
10:21 Double-Bit Axe
15:36 Loom
16:08 Fletching
16:44 Padded Archer Armor
23:06 Castle Age
21:53 Gold Mining
23:28 Stone Mining
24:17 Wheelbarrow
24:30 Bow Saw
24:05 Horse Collar
25:38 Crossbowman
27:27 Hand Cart
28:04 Gold Shaft Mining
30:53 Bodkin Arrow
32:02 Leather Archer Armor
32:46 Heavy Plow
34:07 Ballistics
36:24 Imperial Age
36:32 Elite Longbowman
38:02 Bracer
39:55 Yeomen
41:28 Ring Archer Armor
43:21 Chemistry
43:36 Town Watch
51:45 Warwolf
52:06 Conscription
53:56 Two-Man Saw
Connection lost

Rejoining the realm…

Still unreachable

The connection could not be restored.

Session expired

The server has moved on; the page needs a fresh start.